 Dungeon Crawl Stone Soup version 0.29-a0-993-g4a18f31a58 (webtiles) character file.

Game seed: 10602063239267339007

30 Sabo the Digger (level 3, -5/19 HPs)
             Began as a Gargoyle Earth Elementalist on Aug 2, 2022.
             Was a Follower of Makhleb.
             Slain by a gnoll
             ... wielding a +2 spear of flaming
              (7 damage)
             ... on level 2 of the Dungeon.
             The game lasted 00:08:54 (1803 turns).

Sabo the Digger (Gargoyle Earth Elementalist)       Turns: 1803, Time: 00:08:55

Health: -5/19      AC:  5    Str: 11    XL:     3   Next: 18%
Magic:  1/7        EV: 11    Int: 17    God:    Makhleb [*.....]
Gold:   42         SH:  0    Dex: 10    Spells: 6/7 levels left

rFire   . . .      SeeInvis .   l - +0 hand axe
rCold   . . .      Faith    .   (no shield)
rNeg    + . .      Spirit   .   a - +0 robe
rPois   ∞          Reflect  .   (no helmet)
rElec   +          Harm     .   (no cloak)
rCorr   .          Rampage  .   (no gloves)
Will    .....                   (no boots)
Stlth   ++........              k - amulet of regeneration
HPRegen 0.86/turn               e - +4 ring of slaying
MPRegen 0.10/turn               (no ring)

@: no status effects
A: sickness immunity, AC +3, negative energy resistance 1, electricity
resistance, torment resistance 1, petrification resistance
a: Renounce Religion


You were on level 2 of the Dungeon.
You worshipped Makhleb.
Makhleb was aware of your devotion.
You visited 1 branch of the dungeon, and saw 2 of its levels.

You collected 42 gold pieces.

Inventory:

Hand Weapons
 l - a +0 hand axe (weapon)
Missiles
 d - 6 javelins (quivered)
 j - 3 poisoned darts
Armour
 a - a +0 robe (worn)
Jewellery
 e - a +4 ring of slaying (left hand)
 k - an amulet of regeneration (around neck)
Scrolls
 c - a scroll of magic mapping {unknown}
 g - a scroll of torment {unknown}
 h - a scroll of fear {unknown}
Potions
 b - a potion of magic
 f - 2 potions of heal wounds {unknown}
 i - a potion of resistance {unknown}


   Skills:
 + Level 0.1 Short Blades
 + Level 1.5 Dodging
 + Level 2.1 Stealth
 + Level 2.7 Spellcasting
 + Level 1.0 Transmutations
 + Level 4.3 Earth Magic


You had 6 spell levels left.
You knew the following spells:

 Your Spells              Type           Power      Damage    Failure   Level
a - Sandblast             Erth           32%        2d9       3%          1

Your spell library contained the following spells:

 Spells                   Type           Power      Damage    Failure   Level
 Passwall                 Tmut/Erth      9%         N/A       10%         2
 Stone Arrow              Conj/Erth      18%        3d8       22%         3
 Gell's Gravitas          Tloc           2%         N/A       47%         3
 Inner Flame              Hex/Fire       2%         N/A       47%         3
 Lesser Beckoning         Tloc           2%         N/A       47%         3
 Teleport Other           Tloc           2%         N/A       47%         3
 Petrify                  Tmut/Erth      11%        N/A       52%         4
 Cause Fear               Hex            1%         N/A       87%         4
 Discord                  Hex            1%         N/A       100%        8


Dungeon Overview and Level Annotations

Branches:
Dungeon (2/15)

Altars:
Makhleb


Innate Abilities, Weirdness & Mutations

You are immune to sickness and miasma.
Your stone body is resilient. (AC +3)
You are immune to poison.
You resist negative energy. (rN+)
You are resistant to electric shocks. (rElec)
You are resistant to unholy torment.
You are immune to petrification.


Message History

Aiming: Sandblast (safe; 3% risk of failure)
Press: ? - help, Shift-Dir - straight line, f - gnoll
Aim: a gnoll, wielding a +0 flail (84% to hit)
The blast of sand hits the gnoll.
The gnoll is lightly wounded.
Casting: Sandblast (safe; 3% risk of failure)
Confirm with . or Enter, or press ? or * to list all spells.
Aiming: Sandblast (safe; 3% risk of failure)
Press: ? - help, Shift-Dir - straight line, f/p - gnoll
Aim: a gnoll, wielding a +0 flail (lightly wounded, 84% to hit)
The blast of sand hits the gnoll.
The gnoll is moderately wounded.
The gnoll hits you with a +0 flail.
The gnoll hits you from afar with a +2 spear of flaming.
The gnoll burns you.
Casting: Sandblast (safe; 3% risk of failure)
Confirm with . or Enter, or press ? or * to list all spells.
Aiming: Sandblast (safe; 3% risk of failure)
Press: ? - help, Shift-Dir - straight line, f/p - gnoll
Aim: a gnoll, wielding a +0 flail (moderately wounded, 84% to hit)
The blast of sand hits the gnoll.
The gnoll is severely wounded.
The kobold shouts!
The gnoll hits you with a +0 flail. The gnoll barely misses you.
The gnoll closely misses you.
The gnoll hits you from afar with a +2 spear of flaming.
* * * LOW HITPOINT WARNING * * *
The gnoll burns you.
* * * LOW HITPOINT WARNING * * *
Casting: Sandblast (safe; 3% risk of failure)
Confirm with . or Enter, or press ? or * to list all spells.
Aiming: Sandblast (safe; 3% risk of failure)
Press: ? - help, Shift-Dir - straight line, f/p - gnoll
Aim: a gnoll, wielding a +0 flail (severely wounded, 84% to hit)
The blast of sand hits the gnoll!
You kill the gnoll!
Makhleb accepts your kill. The gnoll barely misses you.
The gnoll hits you from afar with a +2 spear of flaming!
You die...

#....#####.......
+....#<........#
##....).........###
#..................
#.###.............. .
#..............
........###..######
......#####..###########
........@)g.K.).........
......####............#K
......................#
.....#.###..............
.... #..............
#..............
#..............
#..............


You could see a gnoll and a kobold.

Vanquished Creatures
  2 gnolls (D:2)
  A dart slug (D:1)
  A ball python (D:1)
  2 endoplasms (D:1)
  4 goblins
  A hobgoblin (D:1)
  2 jackals (D:1)
  2 bats (D:1)
  A kobold (D:1)
  A rat (D:1)
17 creatures vanquished.

Notes
Turn   | Place    | Note
-------+----------+-------------------------------------------
     0 | D:1      | Sabo the Gargoyle Earth Elementalist began the quest for
                  | the Orb.
     0 | D:1      | Reached XP level 1. HP: 10/10 MP: 3/3
   470 | D:1      | Reached skill level 1 in Transmutations
   640 | D:1      | Reached XP level 2. HP: 8/15 MP: 0/5
  1206 | D:1      | Found a faded altar of an unknown god.
  1220 | D:1      | Prayed at the altar of an unknown god.
  1220 | D:1      | Became a worshipper of Makhleb the Destroyer
  1220 | D:1      | Reached * piety under Makhleb
  1235 | D:1      | Reached skill level 4 in Earth Magic
  1796 | D:2      | Reached XP level 3. HP: 19/19 MP: 4/7
  1803 | D:2      | Slain by a gnoll

Illustrated notes

Levels and vault maps discovered:
D:1:      zelgadis_glass_arrival_small, layout_basic,
          shapermc_ecumenical_altar_pompeii, serial_glass, glass_columns_a,
          glass_columns_a, solitary_fountain, minmay_misc_feat_four_crosses
D:2:      layout_basic

Skill      XL: |  1  2 |
---------------+-------+-----
Transmutations | 1 |  1.0
Earth Magic    | 4 |  4.3
Short Blades   | |  0.1
Dodging        | |  1.5
Stealth        | |  2.1
Spellcasting   | |  2.7

Action                   || total
-------------------------++-------
Melee: Dagger            ||     7
 Cast: Sandblast         ||    24
Armor: Robe              ||     1
Dodge: Dodged            ||    10

Table legend: (Time is in decaauts)
 A = Elapsed time spent in this place.
 B = Non-inter-level travel time spent in this place.
 C = Inter-level travel time spent in this place.
 D = Time resting spent in this place.
 E = Time spent auto-exploring this place.
 F = Levels seen in this place.
 G = Mean time per level.
                   A        B        C        D        E       F      G
               +--------+--------+--------+--------+--------+-----+--------+
         Total |   1824 |   1824 |      0 |    746 |      0 |   2 |  912.0 |
       Dungeon |   1824 |   1824 |      0 |    746 |      0 |   2 |  912.0 |
               +--------+--------+--------+--------+--------+-----+--------+

Top non-repeatable levels by time:
     D:1: 1762 daAuts
     D:2: 61 daAuts
